 Dungeon Crawl Stone Soup version 0.21.1-1-g345015f (webtiles) character file.

210 kae the Insei (level 5, -5/34 HPs)
             Began as an Octopode Transmuter on May 25, 2018.
             Slain by a scorpion (7 damage)
             ... on level 4 of the Dungeon.
             The game lasted 00:02:26 (2711 turns).

kae the Insei (Octopode Transmuter)                 Turns: 2711, Time: 00:02:26

Health: -5/34      AC:  1    Str: 10    XL:     5   Next: 87%
Magic:  8/9        EV: 13    Int: 15    God:
Gold:   310        SH:  0    Dex: 13    Spells: 3/9 levels left

rFire    . . .     SeeInvis .     - Unarmed
rCold    . . .     Gourm    .   (no shield)
rNeg     . . .     Faith    .   (helmet restricted)
rPois    .         Spirit   .   (no amulet)
rElec    .         Reflect  .   (no ring)
rCorr    .         Harm     .   (no ring)
MR       .....                  (no ring)
Stlth    ++........             (no ring)
HPRegen  0.11/turn              (no ring)
MPRegen  0.11/turn              (no ring)
                                (no ring)
                                (no ring)

@: appendage (expiring)
A: almost no armour, stealthy swim, amphibious, 8 rings, constrict 8, tentacle
spike 3, camouflage 1, gelatinous body 1
a: End Transformation


You were on level 4 of the Dungeon.
You were not hungry.
One of your tentacles had a temporary spike.
You visited 1 branch of the dungeon, and saw 4 of its levels.

You collected 310 gold pieces.

Inventory:

Missiles
 a - 12 arrows
Jewellery
 l - a +4 ring of strength {unknown}
Scrolls
 f - a scroll of enchant armour
 i - a scroll of remove curse
 n - 2 scrolls of identify
 o - a scroll of noise {unknown}
Potions
 d - 2 potions of curing
 e - 2 potions of flight {unknown}
 g - a potion of mutation
 h - a potion of cancellation {unknown}
 k - a potion of heal wounds {unknown}
 m - a potion of brilliance {unknown}
Books
 b - a book of Changes

   Spells                             Type                      Level
   a - Beastly Appendage              Transmutation                1
   b - Sticks to Snakes               Transmutation                2
   c - Spider Form                    Transmutation/Poison         3
   d - Ice Form                       Ice/Transmutation            4
   e - Blade Hands                    Transmutation                5
 j - the Almanac of Aerial Hexes
   (You found it on level 4 of the Dungeon)

   Spells                             Type                      Level
   a - Corona                         Hexes                        1
   b - Mephitic Cloud                 Conjuration/Poison/Air       3
   c - Summon Lightning Spire         Summoning/Air                4
   d - Conjure Ball Lightning         Conjuration/Air              6
   e - Freezing Cloud                 Conjuration/Ice/Air          6
Comestibles
 c - 5 rations


   Skills:
 + Level 2.2 Fighting
 - Level 2.0 Dodging
 * Level 4.3 Unarmed Combat
 + Level 2.9 Spellcasting
 * Level 3.7 Transmutations


You had 3 spell levels left.
You knew the following spells:

 Your Spells              Type           Power        Failure   Level  Hunger
a - Beastly Appendage     Tmut           ##....       4%          1    #......
b - Sticks to Snakes      Tmut           ##......     7%          2    ##.....
c - Spider Form           Tmut/Pois      #.........   28%         3    ###....


Dungeon Overview and Level Annotations

Branches:
Dungeon (4/15)
 Temple: D:4-7

Altars:
Gozag
Kikubaaqudgha

Shops:
D:4 (

Annotations:
D:3 cultivahabas's ghost, amateur DrMo


Innate Abilities, Weirdness & Mutations

You cannot wear most types of armour.
You are very stealthy in the water. (Stealth+)
You are amphibious.
You can wear up to eight rings at the same time.
You can use your tentacles to constrict eight enemies at once.
Your skin changes colour to match your surroundings (Stealth+).
Your rubbery body absorbs attacks. (AC +1, EV +1)
One of your tentacles bears a large vicious spike.


Message History

You completely miss the scorpion. Your grab misses the scorpion.
The scorpion closely misses you. x2
You tentacle-slap the scorpion but do no damage.
Your grab misses the scorpion. Your squeeze misses the scorpion.
The scorpion is almost dead.
The scorpion stings you!
* * * LOW HITPOINT WARNING * * *
You feel better. The scorpion stings you!
* * * LOW HITPOINT WARNING * * *
The scorpion stings you.
* * * LOW HITPOINT WARNING * * *
You tentacle-slap the scorpion. You grab the scorpion.
You kill the scorpion!
Your transformation is almost over.
The scorpion barely misses you.
You tentacle-slap the scorpion but do no damage.
You grab the scorpion. Your squeeze misses the scorpion.
You constrict the scorpion, but do no damage.
The scorpion stings you!
You die...

#.........# #.... #
##..>...##.######## # P
#..........#...# # # ..
#.......##.....# # ###...
#.......###....# # ##.#
..####........##....# # ##..#
.^!##.......<##...# # ##..##
#†.#...).....#...# # ##(.##
#†#@####....#...# # .....# #.s.#
##....<..## # .....### #####
#........### .......#####
##.###...... ....<#.....####
#...#....##
.....#####....###########........
###### ####............####....
############...##.... ##...#.##.


You could see a scorpion.

Vanquished Creatures
  2 scorpions (D:4)
  A centaur skeleton (D:4)
  2 adders (D:4)
  2 worms
  A dart slug (D:2)
  4 leopard geckos
  5 orcs
  4 bats
  5 giant cockroaches
  5 goblins
  9 hobgoblins
  A quokka (D:2)
  2 frilled lizards
  2 kobolds
  5 rats
50 creatures vanquished.

Notes
Turn   | Place    | Note
-------+----------+-------------------------------------------
     0 | D:1      | kae the Octopode Transmuter began the quest for the Orb.
     0 | D:1      | Reached XP level 1. HP: 13/13 MP: 3/3
   125 | D:1      | Reached XP level 2. HP: 18/18 MP: 3/5
   660 | D:2      | Reached XP level 3. HP: 20/23 MP: 6/6
   938 | D:2      | Learned a level 2 spell: Sticks to Snakes
   942 | D:2      | Learned a level 3 spell: Spider Form
   973 | D:2      | You fall through a shaft for 2 floors!
   974 | D:4      | Found an ancient bone altar of Kikubaaqudgha.
   983 | D:4      | Identified the Almanac of Aerial Hexes
  1139 | D:3      | Reached XP level 4. HP: 27/28 MP: 7/7
  1176 | D:3      | Noticed cultivahabas's ghost (amateur DrMo)
  2124 | D:4      | Found an opulent altar of Gozag.
  2608 | D:4      | Found Faecisk's Antique Weapon Boutique.
  2692 | D:4      | Reached skill level 4 in Unarmed Combat
  2692 | D:4      | Reached XP level 5. HP: 23/34 MP: 7/9
  2709 | D:4      | HP: 1/34 [scorpion (1)]
  2711 | D:4      | Slain by a scorpion

Skill      XL: |  1  2  3  4 |
---------------+-------------+-----
Transmutations | 3 |  3.7
Fighting       | 2 |  2.2
Unarmed Combat | 4 |  4.3
Dodging        | |  2.0
Spellcasting   | |  2.9

Action                   |  1- 3 |  4- 6 || total
-------------------------+-------+-------++-------
Melee: Unarmed           |    72 |    55 ||   127
       Constrict         |    22 |    15 ||    37
       Tentacles         |    15 |    14 ||    29
       Kick              |     8 |     3 ||    11
       Punch             |     1 |     2 ||     3
 Cast: Beastly Appendage |     6 |     6 ||    12
  Use: Scroll            |     6 |       ||     6
       Potion            |       |     2 ||     2
 Stab: Sleeping          |     7 |     2 ||     9
  Eat: Chunk             |     1 |     1 ||     2
       Ration            |       |     1 ||     1
Armor: Skin              |       |     6 ||     6
Dodge: Dodged            |    25 |    47 ||    72
